 Dungeon Crawl Stone Soup version 0.20.1-1-g8b1a95d (console) character file.

344 hilaritas the Digger (level 6, -7/67 HPs)
             Began as a Draconian Earth Elementalist on Dec 20, 2017.
             Was an Initiate of Vehumet.
             Mangled by plantmann's ghost (10 damage)
             ... on level 4 of the Dungeon.
             The game lasted 00:11:39 (4579 turns).

hilaritas the Digger (Draconian Earth Elementalist) Turns: 4579, Time: 00:11:40

Health: -7/67      AC:  6    Str: 13 (15) XL:     6   Next: 31%
Magic:  0/9        EV: 11    Int: 16 (18) God:    Vehumet [......]
Gold:   216        SH:  5    Dex: 10 (11) Spells: 1/10 levels left

rFire    . . .     SeeInvis .   l - +1 dagger (venom)
rCold    . . .     Gourm    .   h - +1 buckler
rNeg     . . .     Faith    .   (armour unavailable)
rPois    .         Spirit   .   (helmet restricted)
rElec    .         Reflect  .   (no cloak)
rCorr    .         Harm     .   (no gloves)
MR       .....                  (no boots)
Stlth    ..........             (no amulet)
Regen    0.3/turn               (no ring)
MPRegen  0.2/turn               (no ring)

@: berserking, very quick
A: unfitting armour, cold-blooded, AC +6
a: Renounce Religion


You were on level 4 of the Dungeon.
You worshipped Vehumet.
Vehumet was noncommittal.
You were not hungry.

You visited 1 branch of the dungeon, and saw 4 of its levels.

You collected 216 gold pieces.

Inventory:

Hand Weapons
 j - a +0 spear
 l - a +1 dagger of venom (weapon)
Missiles
 b - 71 stones (quivered)
 w - 28 arrows
Armour
 h - a +1 buckler (worn)
Jewellery
 e - an uncursed amulet of harm
 i - an uncursed amulet of faith
 x - an uncursed ring of flight
Scrolls
 a - 2 scrolls of teleportation
 q - a scroll of remove curse
 r - a scroll of identify
Potions
 k - 3 potions of curing
 o - a potion of agility {unknown}
 p - a potion of might {unknown}
 t - a potion of brilliance {unknown}
Books
 d - a book of Geomancy

   Spells                             Type                      Level
   a - Sandblast                      Earth                        1
   b - Passwall                       Transmutation/Earth          2
   c - Stone Arrow                    Conjuration/Earth            3
   d - Petrify                        Transmutation/Earth          4
   e - Lee's Rapid Deconstruction     Earth                        5
 g - a book of Misfortune

   Spells                             Type                      Level
   a - Confusing Touch                Hexes                        1
   b - Confuse                        Hexes                        3
   c - Gell's Gravitas                Translocation                3
   d - Petrify                        Transmutation/Earth          4
   e - Metabolic Englaciation         Hexes/Ice                    5
   f - Yara's Violent Unravelling     Hexes/Transmutation          5
 s - a book of Maledictions

   Spells                             Type                      Level
   a - Corona                         Hexes                        1
   b - Ensorcelled Hibernation        Hexes/Ice                    2
   c - Confuse                        Hexes                        3
   d - Tukima's Dance                 Hexes                        3
   e - Dazzling Spray                 Conjuration/Hexes            3
Comestibles
 c - 2 bread rations
 z - 3 chunks of flesh


   Skills:
 - Level 1.7 Dodging
 - Level 1.7 Stealth
 * Level 2.2 Shields
 * Level 2.5 Spellcasting
 - Level 2.1 Conjurations
   Level 1.0 Transmutations
 - Level 5.9 Earth Magic


You had one spell level left.
You knew the following spells:

 Your Spells              Type           Power        Failure   Level  Hunger
a - Sandblast             Erth           ###...       1%          1    #......
b - Stone Arrow           Conj/Erth      ##....       14%         3    ###....
c - Lee's Rapid Deconstr  Erth           ###.......   50%         5    ######.


Dungeon Overview and Level Annotations

Branches:
Dungeon (4/15)             Temple (0/1) D:4

Altars:
Ashenzari
Uskayaw
Vehumet
Xom

Shops:
D:4 *

Annotations:
D:4 2 transporters, plantmann's ghost, novice HOGl


Innate Abilities, Weirdness & Mutations

Your plain brown scales are hard. (AC +6)
You cannot fit into any form of body armour.
You are cold-blooded and may be slowed by cold attacks.


Message History

Confirm with . or Enter, or press ? or * to list all spells.
Aiming: Sandblast
Press: ? - help, Shift-Dir - straight line, f/p - plantmann's ghost
Aim: plantmann's ghost (lightly damaged)
The blast of sand hits plantmann's ghost.
Plantmann's ghost is moderately damaged.
b - 71 stones Plantmann's ghost hits you.
* * * LOW HITPOINT WARNING * * *
Unknown command.
It was a potion of berserk rage.
A red film seems to cover your vision as you go berserk!
You feel yourself moving faster!
You feel mighty! Plantmann's ghost hits you.
* * * LOW HITPOINT WARNING * * *
You hit plantmann's ghost.
Plantmann's ghost is moderately damaged.
You barely miss plantmann's ghost.
Plantmann's ghost is moderately damaged.
Plantmann's ghost hits you!
You die...

*,* *,,,,,,#.# ****,* *,*****#.#
,,,,,* *,* #.# *,**,* *,* #.#
*,**,*****,** #.# *,**,**,,,,,###
#.# *,**,**,,,>,..# #.#
*,,,,,*,,,,,#.# #.#
****,,*,****#.# #.# ###### *
*#..#%#####.###.# ****##..<..
***............W@.# **,,,.......
,,,..l........##### *,,**#######
***....a##.#### *,**,..©.cu#
**,..#.*....,,* *,*8,.#.#Sa8
**,.....##.#*,* **,*,,#...#.o
*,,h#..,*#.#*,*******,,*,,.......
,,,,,.,,*#.#*,,,,,,,,,,*_,.......
,,,,,,,**#.#*********,,*,,.......
*,,,*,,* *,* **,*,,*...#..
*,,,*,,***,* *,,*8,,#.#?.8
*,,,,,<,,,,* *,,**,,.....#


You could see plantmann's ghost.

Vanquished Creatures
  An ogre (D:4)
  A bullfrog (D:3)
  An orc priest (D:4)
  A worker ant (D:4)
  4 adders
  An ooze (D:2)
  An adder skeleton (D:4)
  3 worms
  A dart slug (D:1)
  4 leopard geckos
  3 orcs (D:4)
  2 giant cockroaches (D:1)
  11 goblins
  6 hobgoblins
  7 jackals
  6 kobolds
  A quokka (D:4)
  A ball python (D:2)
  10 bats
  6 frilled lizards
  A quokka skeleton (D:4)
  8 rats
80 creatures vanquished.

Notes
Turn   | Place    | Note
-------+----------+-------------------------------------------
     0 | D:1      | hilaritas the Draconian Earth Elementalist began the quest for the Orb.
     0 | D:1      | Reached XP level 1. HP: 14/14 MP: 3/3
   205 | D:1      | Reached XP level 2. HP: 20/20 MP: 1/5
   933 | D:1      | Reached skill level 4 in Earth Magic
  1363 | D:1      | Reached XP level 3. HP: 26/26 MP: 4/6
  1368 | D:1      | Learned a level 3 spell: Stone Arrow
  1649 | D:2      | Found a shattered altar of Ashenzari.
  1900 | D:2      | Reached skill level 1 in Shields
  2272 | D:2      | Found a shimmering altar of Xom.
  2273 | D:2      | Found a hide-covered altar of Uskayaw.
  2561 | D:2      | Reached skill level 1 in Conjurations
  2561 | D:2      | Reached XP level 4. HP: 25/33 MP: 3/7
  3167 | D:3      | Noticed a bullfrog
  3173 | D:3      | Killed a bullfrog
  3173 | D:3      | Reached skill level 5 in Earth Magic
  3173 | D:3      | Reached XP level 5. HP: 24/38 MP: 2/8
  3736 | D:3      | Found a faded altar of an unknown god.
  4047 | D:4      | Found Dinynnul's Elemental Accessories.
  4055 | D:4      | Found a radiant altar of Vehumet.
  4103 | D:4      | Became a worshipper of Vehumet
  4183 | D:4      | Noticed an ogre
  4187 | D:4      | Killed an ogre
  4187 | D:4      | Reached XP level 6. HP: 45/45 MP: 4/9
  4194 | D:4      | Learned a level 5 spell: Lee's Rapid Deconstruction
  4262 | D:4      | Found a transporter.
  4264 | D:4      | Noticed an orc warrior
  4264 | D:4      | Found a transporter.
  4266 | D:4      | Noticed a white ugly thing
  4556 | D:4      | Noticed plantmann's ghost (novice HOGl)
  4577 | D:4      | HP: 3/67 [plantmann's ghost (4)]
  4579 | D:4      | Mangled by plantmann's ghost

Skill      XL: |  1  2  3  4  5 |
---------------+----------------+-----
Earth Magic    | 4 5 |  5.9
Shields        | 1 2 |  2.2
Conjurations   | 1 2 |  2.1
Dodging        | |  1.7
Stealth        | |  1.7
Spellcasting   | |  2.5
Transmutations | |  1.0

Action                   |  1- 3 |  4- 6 || total
-------------------------+-------+-------++-------
Melee: Spear             |    81 |     9 ||    90
       Tailslap          |     6 |     2 ||     8
       Dagger            |       |     2 ||     2
 Cast: Sandblast         |    46 |    66 ||   112
  Use: Scroll            |       |     7 ||     7
       Potion            |       |     3 ||     3
 Stab: Sleeping          |     1 |       ||     1
  Eat: Chunk             |     6 |     8 ||    14
Armor: Skin              |    26 |     6 ||    32
Dodge: Dodged            |    26 |    15 ||    41
Block: Buckler           |     7 |     6 ||    13
